 Dungeon Crawl Stone Soup version 0.30-a0-808-g6e0788376e (webtiles) character file.

Game seed: 1219676178588954904

42314 cforsyth the Spry (level 14, 0/84 HPs)
             Began as a Kobold Brigand on Feb 25, 2023.
             Was the Champion of Hepliaklqana.
             Slain by a death yak (12 damage)
             ... on level 4 of the Lair of Beasts.
             The game lasted 00:28:45 (19448 turns).

cforsyth the Spry (Kobold Brigand)                 Turns: 19448, Time: 00:28:45

Health: 0/84       AC: 12    Str:  8    XL:     14   Next: 54%
Magic:  14/14      EV: 31    Int:  9    God:    Hepliaklqana [******]
Gold:   1153       SH:  0    Dex: 23    Spells: 13/13 levels left

rFire   + + .      SeeInvis +    S - +10 long sword of Gaogrennaa {venom, rElec rPois Dex+3 SInv}
rCold   . . .      Faith    .    (no shield)
rNeg    + . .      Spirit   .    b - +0 robe
rPois   +          Reflect  .    X - +3 hat of Vashea {Will+ SInv}
rElec   +          Harm     .    h - scarf {shadows}
rCorr   .          Rampage  +    T - +0 pair of gloves
Will    +++..                    R - +1 pair of boots {rampage}
Stlth   ++++++++                 q - amulet of regeneration
HPRegen 1.14/turn                i - +4 ring of protection
MPRegen 0.14/turn                N - ring of Wu Jian's Whim {rElec rF++ rN+ Will+ Int-5}

@: no status effects
A: reduced essence, small, no large weapons, nightstalker 3
a: Renounce Religion, Recall Ancestor, Ancestor Identity, Transference, Idealise


You were on level 4 of the Lair of Beasts.
You worshipped Hepliaklqana.
Hepliaklqana was exalted by your worship.
You visited 3 branches of the dungeon, and saw 18 of its levels.
You also visited: Sewer and Bailey.

You collected 1647 gold pieces.
You spent 494 gold pieces at shops.

Inventory:

Hand Weapons
 z - a +7 short sword
 S - the +10 long sword of Gaogrennaa (weapon) {venom, rElec rPois Dex+3 SInv}
   (You found it on level 7 of the Dungeon)

   Dex:       It affects your dexterity (+3).
   rElec:     It insulates you from electricity.
   rPois:     It protects you from poison.
   SInv:      It lets you see invisible.
Missiles
 e - 11 curare-tipped darts (quivered)
 t - 34 poisoned darts
 P - 4 atropa-tipped darts
Armour
 b - a +0 robe (worn)
 h - a scarf of shadows (worn)
 R - a +1 pair of boots of rampaging (worn)
 T - a +0 pair of gloves (worn)
 X - the +3 hat of Vashea (worn) {Will+ SInv}
   (You acquired it on level 10 of the Dungeon)

   SInv:      It lets you see invisible.
   Will:      It increases your willpower.
Jewellery
 i - a +4 ring of protection (left hand)
 q - an amulet of regeneration (around neck)
 A - an amulet of reflection
 B - an amulet of guardian spirit
 C - a +4 ring of protection
 N - the ring of Wu Jian's Whim (right hand) {rElec rF++ rN+ Will+ Int-5}
   (You acquired it on level 8 of the Dungeon)

   [ring of positive energy]

   Int:       It affects your intelligence (-5).
   rF:        It greatly protects you from fire.
   rElec:     It insulates you from electricity.
   rN:        It protects you from negative energy.
   Will:      It increases your willpower.
 Q - a +6 ring of strength
 W - a +4 ring of protection
Wands
 u - a wand of digging (20)
 w - a wand of flame (70)
 x - a wand of iceblast (7)
 E - a wand of mindburst (30)
 Y - a wand of charming (11)
Scrolls
 a - 3 scrolls of noise {unknown}
 g - 6 scrolls of fear
 j - 2 scrolls of silence {unknown}
 l - a scroll of torment {unknown}
 n - 8 scrolls of teleportation {unknown}
 o - 2 scrolls of poison
 p - 3 scrolls of enchant weapon
 r - a scroll of fog {unknown}
 s - a scroll of acquirement
 v - 3 scrolls of vulnerability
 y - a scroll of enchant armour {unknown}
 G - a scroll of butterflies {unknown}
 J - 3 scrolls of blinking {unknown}
 K - 2 scrolls of magic mapping
 U - a scroll of brand weapon {unknown}
 V - 3 scrolls of identify
 Z - 2 scrolls of immolation {unknown}
Potions
 c - 2 potions of mutation
 d - 3 potions of brilliance
 f - 8 potions of curing
 k - 5 potions of attraction
 m - 4 potions of might
 D - 5 potions of lignification
 F - 6 potions of heal wounds
 H - 5 potions of resistance
 I - a potion of invisibility {unknown}
 L - 6 potions of haste
 M - a potion of experience
 O - a potion of cancellation


   Skills:
 + Level 13.5 Fighting
 - Level 8.7(12.2) Short Blades
 + Level 8.9(9.6) Long Blades
 - Level 2.1 Throwing
 + Level 17.8 Dodging
 + Level 17.7 Stealth


You had 13 spell levels left.
You didn't know any spells.
Your spell library contained the following spells:

 Spells                   Type           Power      Damage    Failure   Level
 Apportation              Tloc           0%         N/A       38%         1
 Freeze                   Ice            0%         1d3       38%         1
 Kiss of Death            Conj/Necr      0%         2d5       38%         1
 Necrotise                Necr           0%         1d4       38%         1
 Summon Small Mammal      Summ           0%         N/A       38%         1
 Call Canine Familiar     Summ           0%         N/A       77%         3
 Confusing Touch          Hex            0%         N/A       77%         3
 Frozen Ramparts          Ice            0%         1d1       77%         3
 Hailstorm                Conj/Ice       0%         3d3       77%         3
 Ignite Poison            Fire/Tmut/Pois 0%         N/A       77%         3
 Kindle Blastsparks       Fire/Tloc/Air  0%         2d10      77%         3
 Portal Projectile        Hex/Tloc       0%         N/A       77%         3
 Vampiric Draining        Necr           0%         2d6       77%         3
 Dispel Undead            Necr           0%         3d6       99%         4
 Fulminant Prism          Conj/Hex       0%         3d5       99%         4
 Ice Form                 Ice/Tmut       0%         N/A       99%         4
 Iskenderun's Mystic Bla  Conj/Tloc      0%         2d3       99%         4
 Leda's Liquefaction      Hex/Erth       0%         N/A       99%         4
 Sticky Flame             Conj/Fire      0%         2d3       99%         4
 Summon Ice Beast         Ice/Summ       0%         N/A       99%         4
 Agony                    Necr           0%         N/A       100%        5
 Alistair's Intoxication  Tmut/Pois      0%         N/A       100%        5
 Lee's Rapid Deconstruct  Erth           0%         3d4*      100%        5
 Borgnjor's Revivificati  Necr           0%         N/A       100%        8
 Ignition                 Fire           0%         3d3       100%        8
 Necromutation            Tmut/Necr      0%         N/A       100%        8
 Death's Door             Necr           0%         N/A       100%        9


Dungeon Overview and Level Annotations

Branches:
Dungeon (13/15)            Temple (1/1) D:5            Lair (4/5) D:9
  Swamp (0/4) Lair:2       Spider (0/4) Lair:3          Orc (0/2) D:10
 Vaults (0/5) D:13          Sewer (visited)          Bailey (visited)
  Slime: Lair:4-5

Altars:
Ashenzari
Cheibriados
Dithmenos
Elyvilon
Fedhas
Gozag
Hepliaklqana
Kikubaaqudgha
Makhleb
Nemelex Xobeh
Okawaru
Qazlal
Ru
Sif Muna
Trog
Uskayaw
Vehumet
Wu Jian
Xom
Yredelemnul
Zin
The Shining One

Shops:
D:4 [   D:7 *   D:12 !   D:13 *(

Portals:
Abyss: Lair:2

Annotations:
D:6 2 runed translucent doors
D:9 2 transporters, timneilson's ghost, novice GrFi
Lair:2 2 transporters, cforsyth's ghost, journeyman KoBr


Innate Abilities, Weirdness & Mutations

Your life essence is reduced to manifest your ancestor. (-10% HP)
You are small and have problems with some larger weapons.
You are completely attuned to the shadows.


Message History

You slash the death yak!
The death yak is poisoned.
The death yak is lightly wounded.
You hear a bellow!
Kammani barely misses the death yak.
The death yak completely misses you.
The death yak gores Kammani!!
A death yak comes into view.
The death yak gores Kammani!!
Kammani is destroyed!
You hit the death yak.
The death yak looks as sick as possible!
The death yak is lightly wounded.
The death yak misses you.
You slice the death yak!!
The death yak looks as sick as possible!
The death yak is heavily wounded.
The death yak misses you.
A death yak comes into view.
The death yak gores you but does no damage.
The death yak completely misses you.
You barely miss the death yak.
The death yak is heavily wounded.
The death yak gores you! The death yak misses you. The death yak gores you!
You slash the death yak!
The death yak looks as sick as possible!
The death yak is severely wounded.
The death yak barely misses you. The death yak gores you.
The death yak gores you but does no damage.
The death yak completely misses you.
You hit the death yak.
The death yak is almost dead.
The death yak gores you!!
* * * LOW HITPOINT WARNING * * *
The death yak gores you but does no damage.
The death yak barely misses you. The death yak completely misses you.
The death yak closely misses you. The death yak attacks as you move away!
The death yak barely misses you. The death yak gores you!
* * * LOW HITPOINT WARNING * * *
The death yak attacks as you move away! The death yak gores you!
You die...

≈~≈≈~≈~
≈~~.~≈≈
≈~.<.≈≈
~~..~~≈~
~≈≈~~~≈~~....
~≈≈~~~≈~.....
~~~~~~.~.YY..
.~~.....YYY#
P####....@##
.........#
.....###..#
...#.. ...


You could see 5 death yaks.

Vanquished Creatures
  Nessos (D:13)
  A two-headed ogre (D:10)
  3 centaur warriors (D:13)
  A boulder beetle (D:13)
  A death yak (Lair:4)
  2 wizards (D:13)
  A necromancer (D:13)
  An orc knight (D:10)
  2 deep elf pyromancers
  A manticore (D:13)
  3 cyclopes
  7 elephants
  A gargoyle (D:12)
  2 black mambas (Lair:3)
  3 cane toads
  A rime drake (Lair:3)
  6 komodo dragons
  An unseen horror (D:12)
  2 trolls
  A hornet (D:9)
  5 blink frogs (Lair:1)
  4 slime creatures (D:12)
  A wraith (D:11)
  31 yaks
  2 wyverns (Lair:2)
  18 humans (D:13)
  A culicivora (Lair:3)
  A vampire (D:10)
  A shadow (D:10)
  13 vampire mosquitoes
  A basilisk (D:13)
  3 redbacks (Lair:3)
  3 acid dragons
  10 water moccasins
  9 orc warriors
  An ice beast (D:7)
  2 sky beasts (D:7)
  2 centaurs
  2 ogres
  13 wolves
  A phantom (D:7)
  7 bullfrogs
  3 kobold brigands
  A necrophage (D:7)
  2 scorpions
  A gnoll sergeant (D:10)
  9 wights
  10 killer bees
  5 howler monkeys
  3 hounds
  6 orc priests
  A jelly (D:6)
  An iguana (D:6)
  Jessica (D:2)
  Natasha (thrice) (D:2)
  Terence (D:2)
  A hexer (D:8)
  6 orc wizards
  6 gnolls
  13 adders
  5 river rats (Sewer)
  A white imp (D:6)
  An ufetubus (D:4)
  A worm (D:2)
  3 dart slugs
  63 orcs
  3 endoplasms
  4 giant cockroaches
  10 goblins
  16 hobgoblins
  5 jackals
  23 kobolds
  6 quokkas
  11 ball pythons
  4 bats
  9 frilled lizards
  24 rats
434 creatures vanquished.

Vanquished Creatures (collateral kills)
  Harold (D:9)
  A vault guard (D:12)
  A hydra (Lair:2)
  A centaur warrior (D:11)
  A two-headed ogre (D:11)
  A cyclops (D:11)
  2 elephants (Lair:3)
  A black mamba (Lair:2)
  A gargoyle (D:12)
  2 komodo dragons
  A troll (D:9)
  A wraith (D:11)
  9 yaks
  2 humans (D:13)
  Grum (D:9)
  3 vampire mosquitoes
  3 water moccasins (Lair:3)
  A sky beast (D:8)
  An ice beast (D:8)
  2 orc warriors
  2 wolves
  2 wights (D:8)
  A killer bee (D:10)
  2 orc wizards
  A gnoll (Bailey)
  9 orcs
  7 kobolds
60 creatures vanquished.

Vanquished Creatures (others)
  5 hexers
  4 ancestors
  14 fungi
  11 plants
34 creatures vanquished.

Grand Total: 528 creatures vanquished

Notes
Turn   | Place    | Note
-------+----------+-------------------------------------------
     0 | D:1      | cforsyth the Kobold Brigand began the quest for the Orb.
     0 | D:1      | Reached XP level 1. HP: 12/12 MP: 1/1
   127 | D:1      | Reached XP level 2. HP: 18/18 MP: 2/2
   925 | D:2      | Reached XP level 3. HP: 22/22 MP: 3/3
   982 | D:2      | Noticed Jessica
   985 | D:2      | Killed Jessica
  1045 | D:2      | Reached XP level 4. HP: 27/27 MP: 4/4
  1063 | D:2      | Noticed Natasha
  1066 | D:2      | Killed Natasha
  1256 | D:2      | Noticed Terence
  1554 | D:2      | Noticed Natasha
  1570 | D:2      | Killed Natasha
  1571 | D:2      | Reached XP level 5. HP: 30/32 MP: 5/5
  1737 | D:2      | Noticed Natasha
  1749 | D:2      | Killed Natasha
  1917 | D:2      | Killed Terence
  2474 | D:3      | Found a sacrificial altar of Ru.
  2551 | D:3      | Reached XP level 6. HP: 37/37 MP: 6/6
  3431 | D:4      | Found Qeciwoc's Antique Armour Emporium.
  3521 | D:4      | Reached skill level 5 in Short Blades
  3546 | D:4      | Found a snail-covered altar of Cheibriados.
  3655 | D:5      | Entered Level 5 of the Dungeon
  3726 | D:5      | Reached XP level 7. HP: 43/43 MP: 7/7
  3874 | D:5      | Found a staircase to the Ecumenical Temple.
  3921 | Temple   | Entered the Ecumenical Temple
  4032 | Temple   | Became a worshipper of Hepliaklqana the Forgotten
  4532 | D:6      | Identified 2 scrolls of acquirement
  4532 | D:6      | Acquired a manual of Dodging
  4534 | D:6      | Acquired 505 gold pieces
  4571 | D:6      | Found a glowing drain.
  4591 | Sewer    | Entered a sewer
  4851 | Sewer    | Reached skill level 5 in Dodging
  4854 | Sewer    | Reached skill level 5 in Fighting
  4854 | Sewer    | Reached XP level 8. HP: 27/49 MP: 8/8
  5280 | D:6      | Reached * piety under Hepliaklqana
  5372 | D:6      | Found a runed translucent door.
  6070 | D:6      | Found a runed translucent door.
  6324 | D:7      | Found a flagged portal.
  6350 | Bailey   | Entered a bailey
  6520 | Bailey   | Found a runed translucent gate.
  6521 | Bailey   | Found a runed translucent gate.
  6522 | Bailey   | Found a runed translucent gate.
  6530 | Bailey   | Reached XP level 9. HP: 44/47 MP: 9/9
  6751 | Bailey   | Noticed an orc warlord
  7290 | D:7      | Found Obboas's Assorted Antiques.
  7294 | D:7      | Bought a sapphire potion for 23 gold pieces
  7294 | D:7      | Bought a green potion for 23 gold pieces
  7781 | D:7      | Reached skill level 10 in Stealth
  7826 | D:7      | Reached ** piety under Hepliaklqana
  7827 | D:7      | Remembered your ancestor Kammani as a hexer
  8027 | D:7      | Identified the +10 long sword of Gaogrennaa {venom, rElec
                  | rPois Dex+3 SInv}
  8602 | D:4      | Bought a pair of runed boots for 217 gold pieces
  8712 | D:8      | Acquired the ring of Wu Jian's Whim {rElec rF++ rN+ Will+
                  | Int-5}
  8875 | D:8      | Found a sparkling altar of Nemelex Xobeh.
  9052 | D:8      | Reached skill level 10 in Dodging
  9052 | D:8      | Reached XP level 10. HP: 50/56 MP: 10/10
  9056 | D:8      | Reached skill level 1 in Long Blades
  9650 | D:9      | Found a transporter.
  9652 | D:9      | Noticed a boulder beetle
  9666 | D:9      | Noticed Harold
  9672 | D:9      | Killed Harold
 10124 | D:9      | Noticed Grum
 10131 | D:9      | Killed Grum
 10134 | D:9      | Reached XP level 11. HP: 41/62 MP: 11/11
 10169 | D:9      | Found the +1 cloak of Starlight {*Dazzle EV+4 Stlth--}
 10170 | D:9      | Noticed timneilson's ghost (novice GrFi)
 10173 | D:9      | Found a transporter.
 10268 | D:9      | Reached *** piety under Hepliaklqana
 10822 | D:9      | Found a staircase to the Lair.
 10887 | D:10     | Entered Level 10 of the Dungeon
 10921 | D:10     | Identified the +0 robe "Wauheduc" {Will+ rCorr}
 11101 | D:10     | Noticed a two-headed ogre
 11172 | D:10     | Killed a two-headed ogre
 11399 | D:10     | Noticed an orc knight
 11858 | D:10     | Acquired the +3 hat of Vashea {Will+ SInv}
 12036 | D:10     | Reached **** piety under Hepliaklqana
 12089 | D:10     | Found a staircase to the Orcish Mines.
 12108 | D:10     | Killed an orc knight
 12398 | D:11     | Reached skill level 10 in Fighting
 12441 | D:11     | Reached skill level 5 in Long Blades
 12660 | D:11     | Noticed a two-headed ogre
 12665 | D:11     | Killed a two-headed ogre
 12666 | D:11     | Reached XP level 12. HP: 69/70 MP: 12/12
 12701 | D:11     | Noticed a centaur warrior
 12708 | D:11     | Killed a centaur warrior
 12818 | D:11     | Reached skill level 15 in Dodging
 13644 | D:12     | You fall into a shaft and drop 1 floor!
 13648 | D:13     | Noticed a centaur warrior
 13653 | D:13     | Killed a centaur warrior
 13685 | D:13     | Noticed a centaur warrior
 13686 | D:13     | Found Veshekhi's Assorted Antiques.
 13692 | D:13     | Killed a centaur warrior
 13816 | D:13     | Reached skill level 15 in Stealth
 13898 | D:13     | Reached XP level 13. HP: 75/75 MP: 13/13
 13912 | D:13     | Found a gate to the Vaults.
 13913 | D:13     | Noticed a vault guard
 14048 | D:12     | Found Zuhupn's Distillery.
 14460 | D:12     | Reached ***** piety under Hepliaklqana
 14859 | D:13     | Noticed Nessos
 14865 | D:13     | Killed Nessos
 15200 | D:13     | Found Vinal's Antique Weapon Shop.
 15203 | D:13     | Bought a crude dagger for 231 gold pieces
 15203 | D:13     | Identified the +7 dagger of Indignation {heavy, rF- MP+9
                  | Str+3} (You bought it in a shop on level 13 of the Dungeon)
 15227 | D:13     | Noticed a centaur warrior
 15233 | D:13     | Killed a centaur warrior
 15865 | D:12     | Killed a vault guard
 15974 | Lair:1   | Entered Level 1 of the Lair of Beasts
 17133 | Lair:2   | Found a transporter.
 17394 | Lair:2   | Reached XP level 14. HP: 82/82 MP: 14/14
 17486 | Lair:2   | Found a transporter.
 17887 | Lair:2   | Found a staircase to the Swamp.
 18155 | Lair:2   | Found a one-way gate to the infinite horrors of the Abyss.
 18155 | Lair:2   | Noticed cforsyth's ghost (journeyman KoBr)
 18530 | Lair:3   | Reached ****** piety under Hepliaklqana
 19316 | Lair:3   | Found a hole to the Spider Nest.
 19448 | Lair:4   | Slain by a death yak

Illustrated notes

Levels and vault maps discovered:
D:1:      dpeg_arrival_refuge, layout_loops_cross, serial_glass,
          glass_columns_a, glass_columns_a, serial_park_tiny_1,
          kennysheep_small_spiral, kennysheep_doodads, corner_web_ring,
          minmay_stone_trees_small
D:2:      layout_loops_ring, nrook_uturn, corexii_shack, grunt_decor_arrowhead,
          uniq_terence, uniq_jessica, uniq_natasha
D:3:      cheibrodos_greedy_goblins, layout_rooms,
          nicolae_ru_the_path_less_chosen, dreamdust_princess_corridor
D:4:      layout_cave_pools, kennysheep_slug_shrine, serial_shops, shop
D:5:      layout_rooms, temple_fountains, dk_noncrumbling_3
D:6:      layout_basic, portal_sewer_entry_b, ebering_ghost_sewer_f
D:7:      layout_loops_corners, enter_bailey_6, serial_shops,
          nicolae_square_shop
D:8:      layout_basic, general_overflow_altar, serial_rivers,
          chequers_serial_rivers_micro_c, chequers_serial_rivers_small_b,
          chequers_serial_rivers_room_b, chequers_serial_rivers_small_a,
          chequers_serial_rivers_micro_b, chequers_serial_rivers_micro_c
D:9:      layout_irregular_city, david_lair_shrubbed, gammafunk_ghost_arena,
          uniq_grum, uniq_harold
D:10:     layout_stronghold, david_orc_5, nrook_loot_triangle,
          kennysheep_another_room
D:11:     layout_loops_cross, roderic_serpentine_path
D:12:     layout_basic, serial_shops,
          nicolae_shop_temple_entry_statues_fountains
D:13:     layout_basic, grunt_vaults_entry_tiered, serial_shops,
          kennysheep_mini, shop, uniq_nessos
Temple:   nicolae_temple_bog_church
Lair:1:   layout_chaotic_city, serial_rivers, chequers_serial_rivers_marsh,
          chequers_serial_rivers_large_a, chequers_serial_rivers_small_a,
          chequers_serial_rivers_micro_b
Lair:2:   layout_regular_city, minmay_swamp_entry_swarm,
          gammafunk_ghost_abyssal_escape
Lair:3:   layout_hall_layers, spider_nest_entry_funnel_web, beast_lair_carwin_2,
          grunt_megastairs_1, infiniplex_staircase_pool
Lair:4:   layout_cave_pods, dpeg_slime_entry_enclosed, lemuel_fruit_tree,
          infiniplex_staircase_pool_2, grunt_megastairs_3

Skill      XL: |  1  2  3  4  5  6  7  8  9 10 11 12 13 14 |
---------------+-------------------------------------------+-----
Short Blades   | 3 4 5 7 8 |  8.7
Dodging        | 2 3 4 5 7 10 12 14 16 17 | 17.8
Fighting       | 3 4 5 6 7 8 10 11 12 13 | 13.5
Stealth        | 6 7 9 10 12 13 15 16 17 | 17.7
Long Blades    | 3 5 6 8 |  8.9
Throwing       | |  2.1

Action                     |  1- 3 |  4- 6 |  7- 9 | 10-12 | 13-15 || total
---------------------------+-------+-------+-------+-------+-------++-------
  Melee: Dagger            |    57 |   132 |       |       |       ||   189
         Short sword       |       |    37 |   387 |       |       ||   424
         Punch             |       |     1 |     6 |    11 |     6 ||    24
         Long sword        |       |       |     8 |   403 |   360 ||   771
  Throw: Dart              |       |    13 |       |       |       ||    13
 Invoke: Recall Ancestor   |       |       |     2 |     1 |     1 ||     4
         Ancestor Life: He |       |       |     1 |       |       ||     1
    Use: Scroll            |       |       |    10 |    10 |       ||    20
         Potion            |       |       |     1 |       |       ||     1
   Stab: Sleeping          |    13 |    30 |    36 |    21 |    30 ||   130
         Confused          |       |       |     3 |    14 |    14 ||    31
         Distracted        |       |       |     2 |     7 |    13 ||    22
 Armour: Robe              |     7 |    27 |    78 |    77 |    51 ||   240
  Dodge: Dodged            |    22 |   108 |   353 |   605 |   541 ||  1629

Table legend: (Time is in decaauts)
 A = Elapsed time spent in this place.
 B = Non-inter-level travel time spent in this place.
 C = Inter-level travel time spent in this place.
 D = Time resting spent in this place.
 E = Time spent auto-exploring this place.
 F = Levels seen in this place.
 G = Mean time per level.
                   A        B        C        D        E       F      G
               +--------+--------+--------+--------+--------+-----+--------+
         Total |  19482 |  18684 |    798 |   1426 |  13709 |  20 |  974.1 |
       Dungeon |  14257 |  13533 |    724 |   1221 |   9848 |  13 | 1096.7 |
        Temple |    357 |    347 |     10 |      0 |    323 |   1 |  357.0 |
          Lair |   3478 |   3415 |     63 |      0 |   2999 |   4 |  869.5 |
         Sewer |    558 |    558 |      0 |      0 |    342 |   1 |  558.0 |
        Bailey |    831 |    831 |      0 |    205 |    195 |   1 |  831.0 |
               +--------+--------+--------+--------+--------+-----+--------+

Top non-repeatable levels by time:
    D:10: 1474 daAuts
    D:12: 1348 daAuts
     D:2: 1344 daAuts
     D:8: 1299 daAuts
     D:9: 1216 daAuts
  Lair:2: 1211 daAuts
     D:7: 1181 daAuts
  Lair:3: 1174 daAuts
    D:13: 1154 daAuts
     D:1: 1089 daAuts
  Lair:1: 1069 daAuts
    D:11: 1059 daAuts
     D:5: 1047 daAuts
  Bailey: 831 daAuts
     D:6: 826 daAuts
